 Dungeon Crawl Stone Soup version 0.28-a0-1374-ga75cb3825e (webtiles) character file.

Game seed: 18097856075371707567

11591 Crownlay the Thaumaturge (level 11, -2/57 HPs)
             Began as a Gargoyle Earth Elementalist on Dec 31, 2021.
             Was an Elder of Vehumet.
             Shot with an arrow by a centaur warrior (9 damage)
             ... on level 11 of the Dungeon.
             The game lasted 00:24:28 (13561 turns).

Crownlay the Thaumaturge (GrEE)                    Turns: 13561, Time: 00:24:28

Health: -2/57      AC: 12    Str: 12    XL:     11   Next: 80%
Magic:  19/27      EV: 11    Int: 20    God:    Vehumet [****..]
Gold:   425        SH:  0    Dex: 10    Spells: 28/34 levels left

rFire   . . .      SeeInvis +   I - +0 demon blade (drain)
rCold   . . .      Faith    .   (no shield)
rNeg    + . .      Spirit   .   b - +0 robe
rPois   ∞          Reflect  .   n - +0 helmet
rElec   +          Harm     .   (no cloak)
rCorr   .          Rampage  .   G - +0 pair of gloves
Will    .....                   (no boots)
Stlth   ++........              K - amulet of magic regeneration
HPRegen 0.19/turn               j - ring of wizardry
MPRegen 0.60/turn               d - ring of see invisible

@: no status effects
A: sickness immunity, AC +8, negative energy resistance 1, electricity
resistance, torment resistance 1, petrification resistance
a: Renounce Religion


You were on level 11 of the Dungeon.
You worshipped Vehumet.
Vehumet was greatly pleased with you.
You visited 1 branch of the dungeon, and saw 11 of its levels.
You also visited: Sewer.

You collected 551 gold pieces.
You spent 126 gold pieces at shops.

Inventory:

Hand Weapons
 I - a +0 demon blade of draining (weapon)
Missiles
 c - 151 stones
Armour
 a - a +0 kite shield
 b - a +0 robe (worn)
 n - a +0 helmet (worn)
 G - a +0 pair of gloves (worn)
Magical Staves
 x - a staff of poison
Jewellery
 d - a ring of see invisible (right hand)
 j - a ring of wizardry (left hand)
 t - a ring of resist corrosion
 C - a ring of ice
 K - an amulet of magic regeneration (around neck)
Wands
 m - a wand of digging (19)
 p - a wand of charming (9)
 w - a wand of iceblast (10)
 z - a wand of paralysis (6)
 H - a wand of flame (35)
 J - a wand of mindburst (5)
Scrolls
 g - a scroll of identify
 o - 13 scrolls of teleportation
 q - 2 scrolls of enchant weapon {unknown}
 r - a scroll of blinking {unknown}
 s - a scroll of fear {unknown}
 y - a scroll of noise {unknown}
 A - a scroll of fog {unknown}
 E - 2 scrolls of enchant armour {unknown}
Potions
 e - a potion of ambrosia {unknown}
 f - 5 potions of haste
 h - 7 potions of heal wounds
 i - a potion of flight
 k - 4 potions of curing
 l - 3 potions of cancellation
 u - a potion of magic
 v - a potion of might {unknown}
 B - a potion of experience {unknown}
 D - a potion of mutation {unknown}
 F - a potion of brilliance {unknown}


   Skills:
 + Level 1.9 Fighting
 - Level 1.5 Dodging
 - Level 2.1 Stealth
 - Level 12.0 Spellcasting
 * Level 7.0 Conjurations
 * Level 5.8 Summonings
 - Level 0.7 Transmutations
 - Level 11.5 Earth Magic
 + Level 1.4 Evocations


You had 28 spell levels left.
You knew the following spells:

 Your Spells              Type           Power      Damage    Failure   Level
a - Sandblast             Erth           100%       2d20      1%          1
b - Stone Arrow           Conj/Erth      98%        3d13      1%          3
c - Passwall              Tmut/Erth      30%        N/A       1%          2

Your spell library contained the following spells:

 Spells                   Type           Power      Damage    Failure   Level
 Fireball                 Conj/Fire      13%        3d7       4%          5
 Beastly Appendage        Tmut           28%        N/A       1%          1
 Petrify                  Tmut/Erth      36%        N/A       1%          4
 Apportation              Tloc           24%        N/A       2%          1
 Alistair's Intoxication  Tmut/Pois      8%         N/A       45%         5


Dungeon Overview and Level Annotations

Branches:
Dungeon (11/15)            Temple (0/1) D:5            Lair (0/6) D:10
    Orc (0/2) D:10          Sewer (visited)

Altars:
Ashenzari
Cheibriados
Elyvilon
Fedhas
Hepliaklqana
Makhleb
Nemelex Xobeh
Trog
Vehumet
Yredelemnul
Zin
The Shining One

Shops:
D:3 !   D:5 *   D:7 =


Innate Abilities, Weirdness & Mutations

You are immune to sickness and miasma.
Your stone body is resilient. (AC +8)
You are immune to poison.
You resist negative energy. (rN+)
You are resistant to electric shocks. (rElec)
You are resistant to unholy torment.
You are immune to petrification.


Message History

You now have 408 gold pieces (gained 9).
You open the door.
There is an open door here.
H - a wand of flame (25) (gained 4 charges)
You open the door.
There is an open door here.
You see here a +0 falchion.
H - a wand of flame (35) (gained 10 charges)
Found a stone staircase leading up.
You now have 425 gold pieces (gained 17).
A centaur warrior comes into view.
The centaur warrior shouts!
The centaur warrior wields a +0 shortbow.
The centaur warrior shoots an arrow.
The arrow hits you!
The stone arrow hits the centaur warrior!!
The centaur warrior is heavily wounded.
The centaur warrior shoots an arrow.
The arrow hits you!!
You are too injured to fight recklessly!
You are too injured to fight recklessly!
You are too injured to fight recklessly!
You are too injured to fight recklessly!
Casting: Stone Arrow (safe; 1% risk of failure)
Confirm with . or Enter, or press ? or * to list all spells.
Aiming: Stone Arrow (safe; 1% risk of failure)
Press: ? - help, Shift-Dir - straight line, f/p - centaur warrior
Aim: a centaur warrior, wielding a +0 shortbow and quivering arrows (moderately wounded, 82% to hit)
The stone arrow hits the centaur warrior!
The centaur warrior is severely wounded.
The centaur warrior shoots an arrow.
The arrow hits you!!
* * * LOW HITPOINT WARNING * * *
The centaur warrior shoots an arrow.
The arrow barely misses you.
Casting: Stone Arrow (safe; 1% risk of failure)
Confirm with . or Enter, or press ? or * to list all spells.
Aiming: Stone Arrow (safe; 1% risk of failure)
Press: ? - help, Shift-Dir - straight line, f/p - centaur warrior
Aim: a centaur warrior, wielding a +0 shortbow and quivering arrows (severely wounded, 82% to hit)
The stone arrow hits the centaur warrior!
The centaur warrior is almost dead.
The centaur warrior shoots an arrow.
The arrow hits you!
You die...

## ######
.# #.....
.# #.####
.# #.##..
c# #..... #
.# #.##..
#.#####.#
######.####
#.....@.#
#.......###
####.####
#.####.....
##...##
#..###
##.....##
##..#
#.......#
#...#
##.....##
#.#.#
##....#
#.###.#.#
##.#.#
#.......#
##.##.#
#####.### #


You could see a centaur warrior.

Vanquished Creatures
  3 two-headed ogres
  A deep troll (D:10)
  A manticore (D:10)
  A deep elf pyromancer (D:7)
  Psyche (D:9)
  A komodo dragon (D:10)
  2 trolls
  Grinder (D:5)
  Prince Ribbit (D:6)
  A slime creature (D:10)
  A meliai zombie (D:10)
  2 wraiths
  11 yaks
  A wyvern (D:9)
  A basilisk (D:9)
  3 steam dragons (D:8)
  An acid dragon (D:10)
  2 water moccasins
  3 orc warriors
  A sky beast (D:7)
  3 necrophages
  An ice beast (D:7)
  4 ogres
  A black bear (D:6)
  3 centaurs
  2 kobold brigands
  3 bullfrogs
  A gnoll sergeant (D:9)
  3 scorpions
  2 water moccasin zombies
  A water moccasin skeleton (D:5)
  5 killer bees (D:9)
  5 electric eels
  7 howler monkeys
  A lava snake (D:10)
  A bullfrog zombie (D:7)
  4 centaur zombies
  A hound (D:6)
  4 jellies
  4 orc priests
  7 orc wizards
  A scorpion zombie (D:3)
  An iguana (D:6)
  A merfolk siren (Sewer)
  A merfolk avatar (Sewer)
  A hound zombie (D:5)
  A hound skeleton (D:4)
  A howler monkey zombie (D:9)
  Robin (D:3)
  6 gnolls
  8 adders
  3 river rats
  A shadow imp (D:6)
  2 white imps
  An ufetubus (D:6)
  An adder zombie (D:3)
  An adder skeleton (D:3)
  4 worms
  3 dart slugs
  29 orcs
  15 ball pythons
  8 endoplasms
  4 giant cockroaches
  8 goblins
  13 hobgoblins
  7 quokkas
  A ball python zombie (D:3)
  11 bats
  9 frilled lizards
  A giant cockroach zombie (D:3)
  18 kobolds
  24 rats
288 creatures vanquished.

Vanquished Creatures (others)
  26 plants (D:10)
26 creatures vanquished.

Grand Total: 314 creatures vanquished

Notes
Turn   | Place    | Note
-------+----------+-------------------------------------------
     0 | D:1      | Crownlay the Gargoyle Earth Elementalist began the quest
                  | for the Orb.
     0 | D:1      | Reached XP level 1. HP: 10/10 MP: 3/3
   293 | D:1      | Reached XP level 2. HP: 15/15 MP: 5/5
   845 | D:1      | Reached XP level 3. HP: 19/19 MP: 7/7
   849 | D:1      | Learned a level 3 spell: Stone Arrow
   852 | D:1      | Learned a level 2 spell: Passwall
   994 | D:1      | Found a faded altar of an unknown god.
  1003 | D:1      | Got Plato's Volume of Moulding
  1133 | D:2      | Reached skill level 3 in Spellcasting
  1191 | D:2      | Found a glowing golden altar of the Shining One.
  2451 | D:2      | Reached XP level 4. HP: 24/24 MP: 9/9
  2689 | D:3      | Found Bibuapn's Distillery.
  2708 | D:3      | Bought a potion of degeneration for 14 gold pieces
  2727 | D:3      | Found a broken altar of Ashenzari.
  3021 | D:3      | Reached skill level 4 in Spellcasting
  3021 | D:3      | Reached XP level 5. HP: 10/28 MP: 6/11
  3230 | D:3      | Reached skill level 5 in Earth Magic
  3770 | D:3      | Noticed Robin
  3776 | D:3      | Killed Robin
  3777 | D:3      | Reached XP level 6. HP: 32/32 MP: 5/13
  4015 | D:3      | Found a faded altar of an unknown god.
  4021 | D:3      | Found a hazy altar of Hepliaklqana.
  4035 | D:3      | Reached skill level 5 in Spellcasting
  4644 | D:4      | Found a radiant altar of Vehumet.
  4651 | D:4      | Became a worshipper of Vehumet
  4841 | D:4      | Noticed a necrophage
  4845 | D:4      | Killed a necrophage
  4846 | D:4      | Reached XP level 7. HP: 36/36 MP: 11/15
  4981 | D:4      | Reached skill level 6 in Spellcasting
  5390 | D:5      | Entered Level 5 of the Dungeon
  5511 | D:5      | Found a staircase to the Ecumenical Temple.
  5919 | D:5      | Found Kepey's General Store.
  5926 | D:5      | Bought a potion of magic for 112 gold pieces
  5932 | D:5      | Noticed Grinder
  5938 | D:5      | Killed Grinder
  5939 | D:5      | Reached skill level 7 in Spellcasting
  5939 | D:5      | Reached XP level 8. HP: 33/41 MP: 11/18
  6481 | D:6      | Found a blossoming altar of Fedhas.
  6515 | D:6      | Found a glowing drain.
  6520 | D:6      | Reached * piety under Vehumet
  6520 | D:6      | Offered knowledge of Freeze by Vehumet.
  6523 | D:6      | Reached skill level 8 in Spellcasting
  6664 | Sewer    | Entered a sewer
  7107 | Sewer    | Reached ** piety under Vehumet
  7107 | Sewer    | Offered knowledge of Foxfire by Vehumet.
  7771 | D:6      | Reached XP level 9. HP: 43/45 MP: 16/21
  7779 | D:6      | Reached skill level 9 in Spellcasting
  8161 | D:6      | Noticed Prince Ribbit
  8168 | D:6      | Killed Prince Ribbit
  8449 | D:7      | Noticed a deep elf pyromancer
  8471 | D:7      | HP: 2/45 [fire elemental[a deep elf pyromancer] (5)]
  8472 | D:7      | Killed a deep elf pyromancer
  8473 | D:7      | Reached skill level 1 in Summonings
  8482 | D:7      | Offered knowledge of Poisonous Vapours by Vehumet.
  8495 | D:7      | Reached skill level 10 in Spellcasting
  8675 | D:7      | Reached XP level 10. HP: 50/50 MP: 19/24
  8890 | D:7      | Reached *** piety under Vehumet
  8895 | D:7      | Reached skill level 10 in Earth Magic
  9049 | D:7      | Found Rycytism's Jewellery Boutique.
  9092 | D:7      | Found a bloodstained altar of Trog.
  9356 | D:8      | Found a white marble altar of Elyvilon.
  9430 | D:8      | Found a glowing golden altar of the Shining One.
  9430 | D:8      | Found a snail-covered altar of Cheibriados.
 10267 | D:9      | Found a basalt altar of Yredelemnul.
 10352 | D:9      | Offered knowledge of Olgreb's Toxic Radiance by Vehumet.
 10548 | D:9      | Noticed a two-headed ogre
 10558 | D:9      | Killed a two-headed ogre
 10559 | D:9      | Reached skill level 11 in Spellcasting
 10765 | D:9      | Noticed Psyche
 10767 | D:9      | Killed Psyche
 10768 | D:9      | Reached skill level 5 in Conjurations
 11179 | D:10     | Entered Level 10 of the Dungeon
 11205 | D:10     | Noticed a two-headed ogre
 11209 | D:10     | Reached XP level 11. HP: 45/54 MP: 10/26
 11368 | D:10     | Found a glowing silver altar of Zin.
 11391 | D:9      | Reached **** piety under Vehumet
 11834 | D:10     | Found a staircase to the Lair.
 12126 | D:10     | Killed a two-headed ogre
 12131 | D:10     | Offered knowledge of Fireball by Vehumet.
 12139 | D:10     | Reached skill level 5 in Summonings
 12432 | D:10     | Noticed a manticore
 12435 | D:10     | Killed a manticore
 12436 | D:10     | Reached skill level 12 in Spellcasting
 12520 | D:10     | Found a sparkling altar of Nemelex Xobeh.
 12523 | D:10     | Found a burning altar of Makhleb.
 12542 | D:10     | Found a staircase to the Orcish Mines.
 12777 | D:10     | Noticed a deep troll
 12944 | D:10     | Killed a deep troll
 12945 | D:10     | Reached skill level 1 in Fighting
 13283 | D:11     | Noticed a two-headed ogre
 13287 | D:11     | Killed a two-headed ogre
 13288 | D:11     | Reached skill level 1 in Evocations
 13369 | D:11     | Found a bloodstained altar of Trog.
 13558 | D:11     | Noticed a centaur warrior
 13561 | D:11     | Shot with an arrow by a centaur warrior

Illustrated notes

Levels and vault maps discovered:
D:1:      lemuel_arrival_funnel, layout_loops_ring,
          shapermc_ecumenical_altar_rom_forum
D:2:      minmay_diamond_boxcup, layout_basic, basic_altar, serial_corexii_hall,
          corexii_hall_statues_x, corexii_hall_statues_i
D:3:      layout_basic, beargit_hepliaklqana_dungeon_heroes, lemuel_tele_altar,
          serial_undead, serial_undead_d, serial_undead_b, serial_undead_b,
          serial_undead_c, serial_undead_a, serial_undead_e, serial_shops, shop,
          uniq_robin
D:4:      layout_loops_corners, mainiacjoe_overflow_alcove_2
D:5:      layout_loops_ring, minmay_temple_entry_large_hall, serial_shops,
          nicolae_stop_n_shop_2, uniq_grinder
D:6:      layout_basic, mainiacjoe_overflow_chevrons,
          cheibrodos_sewer_entry_sluice, minmay_tree_intersection,
          nicolae_sextant, minmay_fractal_squares_gapless_5, uniq_prince_ribbit1
D:7:      layout_rooms, mainiacjoe_overflow_alcove_4, serial_shops,
          nicolae_shop_hallway_stairs, grunt_potential
D:8:      layout_rooms, nicolae_overflow_crystal_walls,
          chequers_temple_overflow_statue_of_worship, hellmonk_bongcloud_opening
D:9:      layout_roguey, mainiacjoe_overflow_boulevard, disabler_island,
          uniq_psyche
D:10:     layout_rooms, mainiacjoe_overflow_tiny_flanked,
          nicolae_overflow_squiral, david_lair_shrubbed, orc_0_dummy,
          kennysheep_island_fort
D:11:     statuecave_lemuel, layout_loops_corners, kennysheep_small_spiral,
          bloody_trog

Skill      XL: |  1  2  3  4  5  6  7  8  9 10 11 |
---------------+----------------------------------+-----
Earth Magic    | 4 5 6 7 8 9 10 11 | 11.5
Spellcasting   | 3 4 5 7 8 10 11 12 | 12.0
Conjurations   | 2 5 7 |  7.0
Summonings     | 2 4 5 |  5.8
Fighting       | 1 |  1.9
Evocations     | 1 |  1.4
Dodging        | |  1.5
Stealth        | |  2.1
Transmutations | |  0.7

Action                   |  1- 3 |  4- 6 |  7- 9 | 10-12 || total
-------------------------+-------+-------+-------+-------++-------
Melee: Spear             |   233 |    98 |    45 |       ||   376
       Demon blade       |       |       |       |    15 ||    15
 Cast: Sandblast         |     3 |    56 |   173 |    44 ||   276
       Stone Arrow       |       |       |    13 |   138 ||   151
Evoke: Wand              |       |       |       |     2 ||     2
  Use: Scroll            |       |     1 |     6 |     3 ||    10
       Potion            |       |       |     4 |     4 ||     8
 Stab: Sleeping          |     6 |     4 |     1 |       ||    11
       Distracted        |     1 |       |       |       ||     1
Armor: Robe              |    82 |    32 |    33 |    38 ||   185
Dodge: Dodged            |   139 |    59 |    63 |    56 ||   317

Table legend: (Time is in decaauts)
 A = Elapsed time spent in this place.
 B = Non-inter-level travel time spent in this place.
 C = Inter-level travel time spent in this place.
 D = Time resting spent in this place.
 E = Time spent auto-exploring this place.
 F = Levels seen in this place.
 G = Mean time per level.
                   A        B        C        D        E       F      G
               +--------+--------+--------+--------+--------+-----+--------+
         Total |  13657 |  13323 |    334 |      0 |  11211 |  12 | 1138.1 |
       Dungeon |  12627 |  12293 |    334 |      0 |  10648 |  11 | 1147.9 |
         Sewer |   1029 |   1029 |      0 |      0 |    563 |   1 | 1029.0 |
               +--------+--------+--------+--------+--------+-----+--------+

Top non-repeatable levels by time:
     D:9: 1845 daAuts
     D:3: 1760 daAuts
     D:2: 1559 daAuts
    D:10: 1528 daAuts
     D:5: 1090 daAuts
     D:1: 1090 daAuts
   Sewer: 1029 daAuts
     D:4: 1008 daAuts
     D:6: 892 daAuts
     D:7: 847 daAuts
     D:8: 711 daAuts
    D:11: 291 daAuts
